 Dungeon Crawl Stone Soup version 0.30.1-3-gfc49f6343a (webtiles) character file.

Game seed: 8891738853966977588

1885 Pepete the Firebug (level 9, -22/52 HPs)
             Began as a Gargoyle Fire Elementalist on July 27, 2023.
             Killed from afar by an oklob plant (30 damage)
             ... with a splash of acid
             ... on level 6 of the Dungeon.
             The game lasted 00:12:00 (14587 turns).

Pepete the Firebug (Gargoyle Fire Elementalist)    Turns: 14587, Time: 00:12:01

Health: -22/52     AC:  0    Str: 11    XL:     9   Next: 14%
Magic:  16/16      EV: 11    Int: 21    God:
Gold:   211        SH:  0    Dex: 10    Spells: 14/17 levels left

rFire   + . .        v - +3 quarterstaff (chaos)
rCold   + . .        (shield currently unavailable)
rNeg    + . .        a - +0 robe
rPois   ∞            (no helmet)
rElec   +            d - scarf {rC+ rF+}
rCorr   .            (no gloves)
SInv    .            (no boots)
Will    .....        r - amulet of regeneration
Stlth   ++           (no ring)
HPRegen 1.08/turn    (no ring)
MPRegen 0.15/turn

%: no passive effects
@: corroded
A: sickness immunity, AC +6, negative energy resistance 1, electricity
resistance, torment resistance 1, petrification resistance
a: no special abilities


You were on level 6 of the Dungeon.
You visited 1 branch of the dungeon, and saw 6 of its levels.

You collected 211 gold pieces.

Inventory:

Hand Weapons
 k - a +0 long sword
 v - a +3 quarterstaff of chaos (weapon)
 x - the +8 whip of Yfij {antimagic, rPois rC+ rN+ rCorr}
   (You found it on level 4 of the Dungeon)

   rC:        It protects you from cold.
   rPois:     It protects you from poison.
   rN:        It protects you from negative energy.
   rCorr:     It protects you from acid and corrosion.
Armour
 a - a +0 robe (worn)
 d - a scarf of resistance (worn)
 u - a +0 cloak
Jewellery
 r - an amulet of regeneration (around neck)
 A - an amulet of the acrobat
Wands
 t - a wand of flame (20)
 y - a wand of iceblast (23)
 B - a wand of paralysis (9)
 C - a wand of polymorph (10)
Scrolls
 e - a scroll of noise
 g - 2 scrolls of immolation {unknown}
 h - a scroll of fear {unknown}
 j - a scroll of magic mapping {unknown}
 p - 2 scrolls of fog {unknown}
 w - a scroll of enchant armour {unknown}
 D - a scroll of enchant weapon {unknown}
Potions
 b - a potion of magic
 c - a potion of might {unknown}
 f - 3 potions of attraction
 i - 2 potions of berserk rage
 l - a potion of cancellation {unknown}
 m - 3 potions of mutation
 n - 2 potions of brilliance
 o - 2 potions of degeneration {unknown}
 q - 4 potions of resistance
 s - a potion of curing
 z - a potion of lignification {unknown}


   Skills:
 * Level 4.5 Fighting
 * Level 4.1 Staves
 - Level 1.5 Dodging
 - Level 2.1 Stealth
 + Level 4.6 Spellcasting
 + Level 5.1 Conjurations
 * Level 4.7 Summonings
 + Level 5.5 Fire Magic


You had 14 spell levels left.
You knew the following spells:

 Your Spells              Type           Power      Damage    Failure   Level
a - Foxfire               Conj/Fire      100%       2x1d9     1%          1
b - Scorch                Fire           56%        2d7       1%          2

Your spell library contained the following spells:

 Spells                   Type           Power      Damage    Failure   Level
 Inner Flame              Hex/Fire       16%        N/A       11%         3
 Volatile Blastmotes      Fire/Tloc      32%        2d12      11%         3
 Beastly Appendage        Tmut           8%         N/A       12%         1
 Sandblast                Erth           8%         2d5       12%         1
 Stone Arrow              Conj/Erth      30%        3d8       12%         3
 Flame Wave               Conj/Fire      27%        2d9       12%         4
 Passwall                 Tmut/Erth      3%         N/A       17%         2
 Wereblood                Tmut           4%         N/A       17%         2
 Ozocubu's Armour         Ice            4%         N/A       34%         3
 Portal Projectile        Hex/Tloc       8%         N/A       34%         3
 Spider Form              Tmut/Pois      4%         N/A       34%         3
 Tukima's Dance           Hex            4%         N/A       34%         3
 Summon Ice Beast         Ice/Summ       14%        N/A       38%         4
 Summon Mana Viper        Hex/Summ       14%        N/A       75%         5
 Blade Hands              Tmut           2%         N/A       97%         5
 Metabolic Englaciation   Hex/Ice        2%         N/A       97%         5
 Simulacrum               Ice/Necr       2%         N/A       100%        6
 Monstrous Menagerie      Summ           12%        N/A       100%        7


Dungeon Overview and Level Annotations

Branches:
Dungeon (6/15)
 Temple: D:4-7

Altars:
Fedhas
Gozag
Uskayaw
Yredelemnul

Shops:
D:1 ?

Annotations:
D:6 exclusion: oklob plant


Innate Abilities, Weirdness & Mutations

You are immune to sickness and miasma.
Your stone body is resilient. (AC +6)
You are immune to poison.
You resist negative energy. (rN+)
You are resistant to electric shocks. (rElec)
You are resistant to unholy torment.
You are immune to petrification.


Message History

Aiming: Throw Flame
Press: ? - help, Shift-Dir - straight line, f/p - oklob plant
Aim: an oklob plant (lightly damaged, 100% to hit)
The puff of flame hits the oklob plant.
The oklob plant is lightly damaged.
Aiming: Throw Flame
Press: ? - help, Shift-Dir - straight line, f/p - oklob plant
Aim: an oklob plant (lightly damaged, 100% to hit)
The puff of flame hits the oklob plant but does no damage.
The oklob plant is lightly damaged.
Unknown command.
You hit the bush. You burn the bush.
The bush is lightly damaged.
You sock the bush! You burn the bush.
The bush is lightly damaged.
You hit the bush but do no damage.
The bush suddenly seems more resistant.
The bush is lightly damaged.
The oklob plant spits acid at you. The splash of acid hits you!
The acid corrodes you!
You hit the bush.
The bush is lightly damaged.
You sock the bush! You burn the bush.
The bush is moderately damaged.
You hit the bush. You drain the bush.
The bush is moderately damaged.
You hit the bush but do no damage.
The bush is moderately damaged.
The oklob plant spits acid at you. The splash of acid hits you!
The acid corrodes you!
You hit the bush but do no damage.
The bush is lightly damaged.
The oklob plant spits acid at you. The splash of acid hits you!!
* * * LOW HITPOINT WARNING * * *
Okay, then.
You feel better. The oklob plant spits acid at you.
The splash of acid hits you!!
Ouch! That really hurt!
You die... #.........#....### ################.........#....... ............>............#....### .#####################...##.##### .#PP#P.P#P#PP#PPPP#

##'###.# #.
.#PP..PPPP.P.PP#P.#PP##.....# #.
.##P..PPP#PP#.PP#..PP#.#########.
.###PP.PPP#PP#PPPP..P#.## #....
.#PPP#P.........@P.P.#..# #.###
.#PP#P..~~≈~~..PPP.#P##.# #.#
.##P#..~≈≈~≈~~..#PPPP##.#####.#
.#PP..~~≈≈≈≈≈≈~..PPPP##.......#
.#P#.≈≈≈~≈~≈≈≈~~.P.PP###..#######
.###.~≈≈~...~~≈~.PPP## ##.# #...
.....≈≈≈~._......##PP# #.####†##
####.~≈≈~...~~~~.# P## #....#...
P.≈~≈≈~~~~≈≈~.P # #....####


You could see an oklob plant.

Vanquished Creatures
  A two-headed ogre (D:5)
  Sigmund (D:3)
  Edmund (D:6)
  An ice beast (D:5)
  A sky beast (D:5)
  A black bear (D:5)
  A scorpion (D:5)
  A bullfrog (D:6)
  A howler monkey (D:5)
  A jelly (D:6)
  Crazy Yiuf (D:3)
  2 hounds (D:6)
  An orc priest (D:3)
  4 iguanas (D:6)
  A sleepcap (D:4)
  Natasha (thrice) (D:2)
  An orc wizard (D:3)
  4 gnolls (D:5)
  10 adders
  A shadow imp (D:5)
  An ufetubus (D:5)
  3 dart slugs
  An orc (D:3)
  4 ball pythons
  3 bats
  5 endoplasms
  5 giant cockroaches
  9 goblins
  4 hobgoblins
  6 jackals
  2 quokkas
  6 frilled lizards
  11 kobolds
  6 rats
  A spectral orc (D:3)
105 creatures vanquished.

Vanquished Creatures (others)
  532 foxfires
532 creatures vanquished.

Grand Total: 637 creatures vanquished

Notes
Turn   | Place    | Note
-------+----------+-------------------------------------------
     0 | D:1      | Pepete the Gargoyle Fire Elementalist began the quest for
                  | the Orb.
     0 | D:1      | Reached XP level 1. HP: 10/10 MP: 3/3
   997 | D:1      | Reached XP level 2. HP: 15/15 MP: 0/5
  3193 | D:1      | Found Edapuneq's Magic Scroll Shop.
  3477 | D:1      | Reached XP level 3. HP: 19/19 MP: 2/6
  3572 | D:2      | Learned a level 2 spell: Scorch
  3792 | D:2      | Noticed Natasha
  4627 | D:2      | Found an opulent altar of Gozag.
  4640 | D:2      | Killed Natasha
  4641 | D:2      | Reached XP level 4. HP: 24/24 MP: 0/8
  4679 | D:2      | Noticed Natasha
  4685 | D:2      | Killed Natasha
  4809 | D:2      | Noticed Natasha
  4815 | D:2      | Killed Natasha
  4816 | D:2      | Reached XP level 5. HP: 28/28 MP: 2/9
  6836 | D:3      | Found a hide-covered altar of Uskayaw.
  6876 | D:3      | Noticed Sigmund
  6889 | D:3      | Killed Sigmund
  6890 | D:3      | Reached skill level 1 in Summonings
  6890 | D:3      | Reached XP level 6. HP: 23/32 MP: 4/11
  8073 | D:3      | Found a runed translucent door.
  8174 | D:3      | Noticed Crazy Yiuf
  8439 | D:3      | Killed Crazy Yiuf
  8800 | D:3      | Found a basalt altar of Yredelemnul.
  9094 | D:4      | Identified the +8 whip of Yfij {antimagic, rPois rC+ rN+
                  | rCorr}
  9157 | D:4      | Reached XP level 7. HP: 36/36 MP: 0/12
 10331 | D:5      | Entered Level 5 of the Dungeon
 10561 | D:5      | Reached skill level 1 in Fighting
 10561 | D:5      | Reached skill level 1 in Staves
 11546 | D:5      | You fall into a shaft and drop 1 floor!
 11974 | D:5      | Reached XP level 8. HP: 45/45 MP: 9/14
 12177 | D:5      | Reached skill level 5 in Fire Magic
 12511 | D:5      | Found an opulent altar of Gozag.
 12515 | D:5      | Noticed a two-headed ogre
 12523 | D:5      | Killed a two-headed ogre
 13290 | D:6      | Reached XP level 9. HP: 51/52 MP: 8/15
 13380 | D:6      | Reached skill level 5 in Conjurations
 13890 | D:6      | Noticed Edmund
 13905 | D:6      | Killed Edmund
 14344 | D:6      | Found a blossoming altar of Fedhas.
 14356 | D:6      | Noticed an oklob plant
 14586 | D:6      | HP: 1/52 [oklob plant/splash of acid (20)]
 14587 | D:6      | Killed from afar by an oklob plant

Illustrated notes

Levels and vault maps discovered:
D:1:      minmay_arrival_widening_spiral_wide, layout_basic, serial_shops,
          nicolae_shop_real_fake_doors
D:2:      layout_basic, basic_altar, uniq_natasha
D:3:      layout_loops_ring, yredelemnul_forgotten_temple_becter,
          nicolae_uskayaw_suspiria, uniq_crazy_yiuf_cottage, uniq_sigmund
D:4:      layout_cave_pools, dreamdust_princess_bridge
D:5:      layout_rooms, mainiacjoe_overflow_small_starburst
D:6:      layout_basic, tgw_fedhas, uniq_edmund

Skill      XL: |  1  2  3  4  5  6  7  8  9 |
---------------+----------------------------+-----
Conjurations   | 2 3 4 5 |  5.1
Spellcasting   | 3 4 |  4.6
Fire Magic     | 4 5 |  5.5
Summonings     | 1 2 3 4 |  4.7
Fighting       | 2 4 |  4.5
Staves         | 2 3 4 |  4.1
Dodging        | |  1.5
Stealth        | |  2.1

Action                     |  1- 3 |  4- 6 |  7- 9 || total
---------------------------+-------+-------+-------++-------
  Melee: Unarmed           |     5 |       |       ||     5
         Short sword       |     5 |       |       ||     5
         Long sword        |       |     9 |       ||     9
         Whip              |       |     2 |     1 ||     3
         Quarterstaff      |       |       |    67 ||    67
   Cast: Foxfire           |   100 |   140 |    99 ||   339
         Scorch            |       |     7 |    48 ||    55
  Evoke: Wand              |       |       |     6 ||     6
    Use: Scroll            |       |     3 |     3 ||     6
         Potion            |       |       |     3 ||     3
 Armour: Robe              |    13 |    12 |    24 ||    49
  Dodge: Dodged            |    31 |    15 |    21 ||    67
